 Dungeon Crawl Stone Soup version 0.23-a0-756-g517b432 (console) character file.

6630 Voker57 the Blocker (level 10, -14/72 HPs)
             Began as a Demonspawn Gladiator on Jan 18, 2019.
             Was a Follower of Hepliaklqana.
             Demolished by Gastronok (33 damage)
             ... on level 9 of the Dungeon.
             The game lasted 00:16:03 (10800 turns).

Voker57 the Blocker (Demonspawn Gladiator)         Turns: 10800, Time: 00:16:03

Health: -14/72     AC: 11    Str: 18    XL:     10   Next: 72%
Magic:  10/10      EV: 11    Int: 10    God:    Hepliaklqana [*.....]
Gold:   662        SH: 17    Dex: 18    Spells: 9/9 levels left

rFire    + . .     SeeInvis .   b - +2 dagger (venom)
rCold    . . .     Gourm    .   u - +1 large shield
rNeg     . . .     Faith    .   x - +0 scale mail
rPois    .         Spirit   .   j - +2 hat
rElec    .         Reflect  .   (no cloak)
rCorr    .         Harm     .   (no gloves)
MR       .....                  (no boots)
Stlth    ++........             (no amulet)
HPRegen  0.22/turn              h - +4 ring of strength
MPRegen  0.12/turn              q - ring of protection from fire

@: no status effects
A: reduced essence, antennae 1, iridescent scales 1, nightstalker 2, powered by
death 2
a: Recall Ancestor, Ancestor Identity, Renounce Religion


You were on level 9 of the Dungeon.
You worshipped Hepliaklqana.
Hepliaklqana was aware of your devotion.
You were not hungry.

You visited 2 branches of the dungeon, and saw 10 of its levels.
You also visited: Sewer.

You collected 740 gold pieces.
You spent 78 gold pieces at shops.

Inventory:

Hand Weapons
 a - a +1 flail of protection
 b - a +2 dagger of venom (weapon)
 e - a +5 quarterstaff of chaos
 k - a +0 long sword
 K - a +0 blowgun
 L - the +9 quarterstaff of Anagic {freeze, rC+ rN+ Str+6 Int-2}
   (You found it on level 7 of the Dungeon)

   It has been specially enchanted to freeze those struck by it, causing extra
   injury to most foes and up to half again as much damage against particularly
   susceptible opponents.
   It can also slow down cold-blooded creatures.
   It affects your strength (+6).
   It affects your intelligence (-2).
   It protects you from cold.
   It protects you from negative energy.
 O - a +0 long sword
Missiles
 F - a throwing net (quivered)
 J - 6 curare-tipped needles
 R - 21 poisoned needles
Armour
 c - a +0 helmet
 d - a +0 leather armour
 j - a +2 hat (worn)
 u - a +1 large shield (worn)
 x - a +0 scale mail (worn)
Jewellery
 h - a +4 ring of strength (left hand)
 q - a ring of protection from fire (right hand)
 w - an uncursed ring of resist corrosion
 y - an uncursed ring of resist corrosion
 N - a +3 ring of strength
Wands
 Q - a wand of random effects (19)
Scrolls
 g - 12 scrolls of identify
 l - 10 scrolls of teleportation
 m - 2 scrolls of noise
 n - 3 scrolls of magic mapping
 o - 5 scrolls of remove curse
 r - 4 scrolls of fear {unknown}
 t - 2 scrolls of enchant weapon
 v - a scroll of immolation {unknown}
 E - a scroll of fog {unknown}
 G - a scroll of enchant armour
 H - 2 scrolls of amnesia
 M - a scroll of random uselessness {unknown}
Potions
 i - a potion of berserk rage
 p - 2 potions of ambrosia
 s - 4 potions of heal wounds
 z - a potion of flight
 A - a potion of might
 C - 3 potions of cancellation {unknown}
 D - a potion of invisibility
 I - 2 potions of magic {unknown}
 P - a potion of mutation {unknown}
Comestibles
 f - 14 rations


   Skills:
 + Level 7.7 Fighting
 - Level 4.9 Long Blades
 - Level 1.7 Throwing
 + Level 6.2 Armour
 + Level 7.3 Dodging
 * Level 8.7 Shields


You had 9 spell levels left.
You didn't know any spells.
Your spell library contained the following spells:

 Spells                   Type           Power        Failure   Level  Hunger
 Confusing Touch          Hex            #.....       100%        1    ##.....
 Poisonous Vapours        Pois/Air       #.....       100%        2    ###....
 Confuse                  Hex            #.......     100%        3    ####...
 Conjure Flame            Conj/Fire      #.......     100%        3    ####...
 Gell's Gravitas          Tloc           #.........   100%        3    ####...
 Mephitic Cloud           Conj/Pois/Air  #.......     100%        3    ####...
 Petrify                  Tmut/Erth      #.......     100%        4    #####..
 Metabolic Englaciation   Hex/Ice        #.........   100%        5    ######.
 Yara's Violent Unravell  Hex/Tmut       #.........   100%        5    ######.
 Freezing Cloud           Conj/Ice/Air   #.........   100%        6    #######
 Ring of Flames           Chrm/Fire      #.........   100%        7    #######


Dungeon Overview and Level Annotations

Branches:
Dungeon (9/15)             Temple (1/1) D:6             Orc (0/2) D:9
   Lair: D:8-11

Altars:
Ashenzari
Cheibriados
Dithmenos
Elyvilon
Fedhas
Gozag
Hepliaklqana
Kikubaaqudgha
Makhleb
Nemelex Xobeh
Okawaru
Qazlal
Ru
Sif Muna
Trog
Uskayaw
Vehumet
Wu Jian
Xom
Yredelemnul
Zin
The Shining One
Lugonu

Shops:
D:4 *   D:6 *

Annotations:
D:8 3 runed doors, Karim's ghost, novice NaFi
D:9 Gastronok


Innate Abilities, Weirdness & Mutations

You have a pair of small antennae on your head.
You are partially covered in iridescent scales. (AC +2)
You are significantly more attuned to the shadows.
You regenerate health from kills.
Your life essence is reduced to manifest your ancestor. (-10% HP)


Message History

The quokka barely misses Eshargamelat.
Gastronok bites you!!
* * * LOW HITPOINT WARNING * * *
Eshargamelat hits Gastronok!
The quokka bites Eshargamelat.
You are too injured to fight recklessly!
You are too injured to fight recklessly!
You are too injured to fight recklessly!
You block the bat's attack.
The quokka closely misses Eshargamelat.
Eshargamelat hits Gastronok.
Gastronok gurgles, "A snack!
A snack!"
Gastronok bites Eshargamelat!
Your +1 flail of protection goes still.
Your +2 dagger of venom begins to drip with poison!
b - a +2 dagger of venom (weapon)
The bat hits you but does no damage.
The quokka bites Eshargamelat.
Eshargamelat hits Gastronok.
The quokka bites Eshargamelat.
You hit Gastronok.
Gastronok is poisoned.
Gastronok is severely wounded.
The bat completely misses you.
Eshargamelat barely misses the quokka.
Gastronok bites you!!
You die...

##.## #.. #...##
... ##....## #.##
#...rb. #..#
##..Rw# ... #..#
####./b@# #..#
###.## >......##
#..# ##.....
.......#
#..###.8...8
.......#
#...#......
.......##
#......._..
........#
#..##......
........##
##.###.8...8
.........#
##..####.....
.........###....#
##.##
.........#R.....#
#..#


You could see the friendly Eshargamelat the ancestor, Gastronok, a quokka and 2
bats.

Vanquished Creatures
  A two-headed ogre (D:8)
  A troll (D:9)
  Prince Ribbit (D:7)
  2 hippogriffs (D:7)
  A spriggan (D:7)
  A wyvern (D:7)
  A vampire (D:9)
  A hungry ghost (D:9)
  A steam dragon (D:8)
  Edmund (D:5)
  Menkaure (D:5)
  2 water moccasins
  A sky beast (D:3)
  3 ice beasts
  A slave (D:9)
  2 orc warriors
  An ogre (D:8)
  4 centaurs
  2 big kobolds
  Blork the orc (D:5)
  2 bullfrogs
  A gnoll sergeant (D:5)
  2 scorpions
  8 killer bees
  4 howler monkeys
  A crimson imp (D:8)
  A gnoll shaman (D:7)
  5 hounds
  2 jellies
  Crazy Yiuf (D:3)
  A centaur zombie (D:8)
  A centaur skeleton (D:5)
  An orc priest (D:6)
  6 orc wizards
  Terence (D:3)
  2 iguanas (D:8)
  4 worker ants
  Natasha (twice) (D:2)
  A hound zombie (D:6)
  A hound skeleton (D:4)
  8 gnolls
  9 adders
  4 river rats (Sewer)
  3 shadow imps
  2 oozes (Sewer)
  5 adder zombies
  An adder skeleton (D:3)
  5 worms
  A dart slug (D:1)
  3 leopard geckos
  30 orcs
  5 giant cockroaches
  2 hobgoblins
  3 jackals (D:8)
  13 kobolds
  3 quokkas
  3 ball pythons
  5 bats
  4 frilled lizards
  A jackal skeleton (D:3)
  A leopard gecko zombie (D:3)
  A quokka zombie (D:3)
  7 rats
195 creatures vanquished.

Vanquished Creatures (collateral kills)
  Psyche (D:9)
  A water moccasin (D:6)
  2 ogres
  A centaur (D:8)
  A bullfrog (D:8)
  A killer bee (D:7)
  A howler monkey (D:9)
  A hound (D:9)
  An iguana (D:9)
  2 worker ants
  An orc wizard (D:8)
  An adder (D:7)
  An adder zombie (D:6)
  4 orcs
  A jackal (D:8)
  5 kobolds (D:8)
  A quokka skeleton (D:8)
26 creatures vanquished.

Vanquished Creatures (others)
  3 ancestors
3 creatures vanquished.

Grand Total: 224 creatures vanquished

Notes
Turn   | Place    | Note
-------+----------+-------------------------------------------
     0 | D:1      | Voker57 the Demonspawn Gladiator began the quest for the
                  | Orb.
     0 | D:1      | Reached XP level 1. HP: 16/16 MP: 1/1
    91 | D:1      | You fall through a shaft!
   377 | D:1      | Gained mutation: You are partially covered in iridescent
                  | scales. (AC +2) [demonic ancestry]
   377 | D:1      | Reached XP level 2. HP: 22/22 MP: 2/2
  1173 | D:2      | Gained mutation: You regenerate a little health from kills.
                  | [demonic ancestry]
  1173 | D:2      | Reached XP level 3. HP: 18/28 MP: 3/3
  1297 | D:2      | Found a shadowy altar of Dithmenos.
  1469 | D:2      | Found a glowing golden altar of the Shining One.
  1471 | D:2      | Found a sparkling altar of Nemelex Xobeh.
  1474 | D:2      | Found a shattered altar of Ashenzari.
  1692 | D:2      | Found a deep blue altar of Sif Muna.
  1717 | D:3      | Noticed Natasha
  1727 | D:2      | Killed Natasha
  1761 | D:2      | Noticed Natasha
  1767 | D:2      | Killed Natasha
  1767 | D:2      | Reached XP level 4. HP: 13/34 MP: 4/4
  2511 | D:3      | Gained mutation: You have a pair of small antennae on your
                  | head. [demonic ancestry]
  2511 | D:3      | Reached XP level 5. HP: 29/41 MP: 5/5
  2550 | D:3      | Noticed Terence
  2568 | D:3      | Killed Terence
  2968 | D:3      | Noticed a sky beast
  2997 | D:3      | Killed a sky beast
  2997 | D:3      | Gained mutation: You are slightly more attuned to the
                  | shadows. [demonic ancestry]
  2997 | D:3      | Reached XP level 6. HP: 12/47 MP: 6/6
  3314 | D:3      | Found a runed door.
  3373 | D:3      | Noticed Crazy Yiuf
  3384 | D:3      | Killed Crazy Yiuf
  3553 | D:4      | Found Zin's Purification Station.
  3553 | D:4      | Found a glowing silver altar of Zin.
  3638 | D:4      | Reached skill level 1 in Armour
  3730 | D:4      | Reached skill level 1 in Shields
  3818 | D:4      | Found a glowing drain.
  3878 | Sewer    | Entered a sewer
  3997 | Sewer    | Reached XP level 7. HP: 48/54 MP: 7/7
  4279 | Sewer    | Reached skill level 2 in Shields
  4840 | D:5      | Entered Level 5 of the Dungeon
  5027 | D:5      | Reached skill level 3 in Shields
  5058 | D:5      | Found a glowing golden altar of the Shining One.
  5143 | D:5      | Noticed Edmund
  5176 | D:5      | Killed Edmund
  5176 | D:5      | Gained mutation: You are significantly more attuned to the
                  | shadows. [demonic ancestry]
  5176 | D:5      | Reached XP level 8. HP: 33/61 MP: 8/8
  5199 | D:5      | Found a hide-covered altar of Uskayaw.
  5267 | D:5      | Found a stormy altar of Qazlal.
  5267 | D:5      | Found a radiant altar of Vehumet.
  5320 | D:5      | Noticed Menkaure
  5333 | D:5      | Killed Menkaure
  5333 | D:5      | Reached skill level 4 in Shields
  5340 | D:5      | Reached skill level 5 in Dodging
  5642 | D:5      | Reached skill level 5 in Fighting
  5961 | D:5      | Noticed Blork the orc
  5972 | D:5      | Killed Blork the orc
  6230 | D:6      | Found a bloodstained altar of Trog.
  6425 | D:6      | Reached skill level 5 in Shields
  6426 | D:6      | Found a staircase to the Ecumenical Temple.
  6433 | Temple   | Entered the Ecumenical Temple
  6469 | Temple   | Became a worshipper of Hepliaklqana the Forgotten
  6539 | D:6      | Found Akiorgh's Serpentskin Sales.
  6730 | D:6      | Bought 6 curare-tipped needles for 46 gold pieces
  6730 | D:6      | Bought a +0 blowgun for 32 gold pieces
  6811 | D:6      | Found a basalt altar of Yredelemnul.
  6924 | D:7      | Noticed Prince Ribbit
  6935 | D:7      | Killed Prince Ribbit
  6935 | D:7      | Gained mutation: You regenerate health from kills. [demonic
                  | ancestry]
  6935 | D:7      | Reached XP level 9. HP: 25/62 MP: 9/9
  7128 | D:7      | Reached skill level 6 in Shields
  7140 | D:7      | Got a transparent quarterstaff
  7174 | D:7      | Identified the +9 quarterstaff of Anagic {freeze, rC+ rN+
                  | Str+6 Int-2} (You found it on level 7 of the Dungeon)
  7954 | D:7      | Reached skill level 5 in Armour
  7961 | D:7      | Reached skill level 7 in Shields
  8419 | D:8      | Reached XP level 10. HP: 51/69 MP: 10/10
  8554 | D:8      | Noticed a two-headed ogre
  8572 | D:8      | Killed a two-headed ogre
  8859 | D:8      | Found a runed gate.
  8859 | D:8      | Found a runed gate.
  8859 | D:8      | Found a runed gate.
  8859 | D:8      | Noticed Karim's ghost (novice NaFi)
  8912 | D:8      | Found a shimmering altar of Xom.
  8991 | D:8      | Reached skill level 8 in Shields
  9422 | D:8      | Found a burning altar of Makhleb.
  9477 | D:8      | Found an ornate altar of the Wu Jian Council.
  9756 | D:9      | Reached * piety under Hepliaklqana
  9767 | D:9      | Found a staircase to the Orcish Mines.
 10468 | D:9      | Found a snail-covered altar of Cheibriados.
 10487 | D:9      | Noticed a two-headed ogre
 10630 | D:9      | Noticed Psyche
 10631 | D:9      | Found an opulent altar of Gozag.
 10642 | D:9      | Killed Psyche
 10783 | D:9      | Noticed Gastronok
 10800 | D:9      | Demolished by Gastronok

Vault maps used:
D:1:      evilmike_arrival_rings, serial_co_window_serial, co_window_paths_b,
          co_window_paths_a, co_window_of_opportunity_a, co_window_paths_b,
          co_window_paths_a, co_window_paths_a, co_window_broadway_a,
          co_window_broadway_b, co_window_of_opportunity_b,
          co_window_broadway_c, co_window_corner_ca, glass_columns_a,
          glass_columns_b, glass_columns_c, glass_columns_a, glass_columns_b
D:2:      lemuel_round_altar, nicolae_dithmenos_shadow_blocks,
          grunt_temple_overflow_open, chequers_serial_rivers_micro_c
D:3:      serial_undead, serial_undead_f, serial_undead_c, serial_undead_a,
          serial_undead_f, chequers_serial_rivers_room_b, grunt_decor_clamped,
          uniq_terence, uniq_natasha, uniq_crazy_yiuf_cottage
D:4:      zin_purify, cheibrodos_sewer_entry_bend, first_ration
D:5:      gammafunk_temple_overflow_forgotten, hangedman_abyss_or_decor_stabs,
          nicolae_tso_carved_into_rock, uniq_edmund, uniq_blork_the_orc,
          uniq_menkaure
D:6:      yredelemnul_altar_generic, overflow_temple_1_default,
          minmay_temple_entry_nine_rooms, guppyfry_shop_venom
D:7:      the_bakery, uniq_prince_ribbit1
D:8:      makhleb_grotto_becter, kennysheep_little_box, xom_butterflies,
          gammafunk_ghost_split
D:9:      kennysheep_mini_moat, grunt_gozag_statues, david_orc_1_choice,
          serial_shops, shop, uniq_psyche, uniq_pikel, uniq_gastronok
Temple:   corrupted_temple
Sewer:    sewer_co_15_rooms

Skill      XL: |  1  2  3  4  5  6  7  8  9 10 |
---------------+-------------------------------+-----
Long Blades    | 3 4 |  4.9
Dodging        | 3 4 5 6 7 |  7.3
Fighting       | 3 4 5 6 7 |  7.7
Armour         | 1 2 4 5 6 |  6.2
Shields        | 1 3 5 7 8 |  8.7
Throwing       | |  1.7

Action                   |  1- 3 |  4- 6 |  7- 9 | 10-12 || total
-------------------------+-------+-------+-------+-------++-------
Melee: Long sword        |    79 |   240 |   195 |       ||   514
       Dagger            |       |       |   209 |   101 ||   310
       Flail             |       |       |   165 |   176 ||   341
 Fire: Blowgun           |       |       |     2 |     1 ||     3
Throw: Throwing net      |       |     3 |     1 |     2 ||     6
Evoke: Wand              |       |       |       |     1 ||     1
  Use: Potion            |       |     2 |     7 |     3 ||    12
       Scroll            |       |     8 |     5 |       ||    13
 Stab: Sleeping          |       |       |     8 |     4 ||    12
       Distracted        |       |       |       |     2 ||     2
  Eat: Chunk             |     2 |     5 |    12 |     7 ||    26
       Ration            |       |     1 |     1 |     1 ||     3
Armor: Leather armour    |    31 |    46 |       |       ||    77
       Scale mail        |       |    97 |   180 |    87 ||   364
       Skin              |       |       |       |    21 ||    21
Dodge: Dodged            |    71 |   159 |   168 |    81 ||   479
Block: Large shield      |       |    92 |   529 |   252 ||   873
       Rpst.: Long sword |    22 |    51 |    11 |       ||    84

Table legend:
 A = Non-vault XP
 B = Vault XP
 C = Vault XP percentage of total XP
 D = Non-vault monster count
 E = Vault monster count
 F = Vault count percentage of total count
                 A         B        C        D         E       F
            +---------+---------+-------+---------+---------+-------
      Total |    7281 |    2191 |  23.1 |     176 |      44 |  20.0
            +---------+---------+-------+---------+---------+-------
        D:1 |      19 |       0 |   0.0 |      11 |       0 |   0.0
        D:2 |      69 |      35 |  33.7 |      14 |       1 |   6.7
        D:3 |     254 |      91 |  26.4 |      22 |       7 |  24.1
        D:4 |     326 |      10 |   3.0 |      12 |       2 |  14.3
        D:5 |     519 |     442 |  46.0 |      22 |       3 |  12.0
        D:6 |     402 |     296 |  42.4 |      12 |       3 |  20.0
        D:7 |    1712 |     479 |  21.9 |      26 |       2 |   7.1
        D:8 |    2893 |      50 |   1.7 |      47 |       1 |   2.1
        D:9 |    1087 |     563 |  34.1 |      10 |       6 |  37.5
      Sewer |       0 |     225 | 100.0 |       0 |      19 | 100.0
            +---------+---------+-------+---------+---------+-------
